 Dungeon Crawl Stone Soup version 0.19-a0-1111-gcceb26a (webtiles) character file.

2956 Geppetto the Basher (level 9, -1/85 HPs)
             Began as a Gargoyle Monk on Aug 10, 2016.
             Was a Believer of Okawaru.
             Slain by a killer bee (3 damage)
             ... on level 7 of the Dungeon.
             The game lasted 00:26:34 (7050 turns).

Geppetto the Basher (Gargoyle Monk)                 Turns: 7050, Time: 00:26:35

Health: -1/85      AC: 24    Str: 21    XL:     9   Next: 81%
Magic:  11/11      EV:  2    Int: 10    God:    Okawaru [**....]
Gold:   201        SH:  6    Dex: 15    Spells: 0 memorised, 8 levels left

rFire  + . .     SeeInvis .     u - +3 mace (crush)
rCold  + . .     Gourm    .     (armour currently unavailable)
rNeg   + + +     Faith    .     j - +1 buckler
rPois  ∞         Spirit   .     (helmet currently unavailable)
rElec  +         Dismiss  +     (cloak currently unavailable)
rCorr  +         Reflect  .     (gloves currently unavailable)
SustAt .         Harm     .     (boots currently unavailable)
MR     .....     NoTele   +     o - amulet of dismissal
Stlth  +++.......               (no ring)
                                f - +5 ring of strength

@: tree-form, resistant
A: mutation resistance 1, negative energy resistance 1, (electricity
resistance), (unbreathing), petrification resistance, rot immunity, AC +5
a: Heroism, Renounce Religion


You were on level 7 of the Dungeon.
You worshipped Okawaru.
Okawaru was pleased with you.
You were not hungry.
You were a tree.
You visited 2 branches of the dungeon, and saw 8 of its levels.
You also visited: Sewer.

You collected 279 gold pieces.
You spent 78 gold pieces at shops.

Inventory:

Hand Weapons
 u - a +3 mace of crushing (weapon)
Armour
 e - a +0 leather armour
 h - a +0 chain mail (melded)
 j - a +1 buckler (worn)
Jewellery
 f - a +5 ring of strength (left branch)
 o - an amulet of dismissal (around neck)
Wands
 a - a wand of flame (11/48)
 w - a wand of iceblast (11/15)
Scrolls
 n - a scroll of magic mapping
 r - 2 scrolls of remove curse
Potions
 d - a potion of flight
 m - a potion of magic
 p - 2 potions of cure mutation
Books
 q - a book of Changes

   Spells                             Type                      Level
   a - Beastly Appendage              Transmutation                1
   b - Sticks to Snakes               Transmutation                2
   c - Spider Form                    Transmutation/Poison         3
   d - Ice Form                       Ice/Transmutation            4
   e - Blade Hands                    Transmutation                5
Comestibles
 b - 3 fruits
 c - 5 bread rations
 g - 10 chunks of flesh
 k - a meat ration
 l - 2 beef jerkies


   Skills:
 + Level 7.4 Fighting
 - Level 9.2 Maces & Flails
 * Level 6.7 Armour
 - Level 2.4 Dodging
 - Level 2.1 Stealth
 - Level 4.0 Shields
 - Level 3.3 Invocations


You had 8 spell levels left.
You didn't know any spells.

Dungeon Overview and Level Annotations

Branches:
Dungeon (7/15)             Temple (1/1) D:6

Altars:
Ashenzari
Cheibriados
Dithmenos
Elyvilon
Fedhas
Gozag
Hepliaklqana
Kikubaaqudgha
Makhleb
Nemelex Xobeh
Okawaru
Pakellas
Qazlal
Ru
Sif Muna
Trog
Uskayaw
Vehumet
Xom
Yredelemnul
Zin
The Shining One

Shops:
D:4 *

Annotations:
D:2 Crazy Yiuf


Innate Abilities, Weirdness & Mutations

You are resistant to torment.
((Your stone body is resilient. (AC +5)))
You are immune to poison.
You resist negative energy. (rN+)
((You are resistant to electric shocks. (rElec)))
((You can survive without breathing.))
You are immune to petrification.
You are immune to rotting.
You are somewhat resistant to further mutation.


Message History

The killer bee completely misses you.
The killer bee stings you but does no damage. x2
You miss the killer bee.
The killer bee is heavily wounded.
The killer bee stings you.
* * * LOW HITPOINT WARNING * * *
You block the killer bee's attack. The killer bee stings you.
* * * LOW HITPOINT WARNING * * *
You block the killer bee's attack.
The killer bee stings you but does no damage.
The killer bee barely misses you.
It was a potion of beneficial mutation.
You feel genetically stable.
You feel fantastic!
You feel like a meek peon again.
The killer bee stings you but does no damage. x2
You block the killer bee's attack.
The killer bee stings you but does no damage. x3
The killer bee stings you.
You die...

#+###.....# ....#.....#
..........# #.
........).# ###.#
..........+ ...#
..........# #..#
......yyy.###### #..#
......y♣yy.....# #..#
.....####..(.#.###..####
### ###....#.#........
##.#....#.#.#..####
#..'...........##..
##.#...........).##
#.#.#+##...#....#
##...#.##...#..#.#
########..#...<.......#.#


You could see 6 killer bees.

Vanquished Creatures
  The ghost of Xiguana the Destroyer, a novice TeCj of Vehumet (D:7)
  Sigmund (D:5)
  A hippogriff (D:7)
  Eustachio (D:4)
  Menkaure (D:5)
  Duvessa (D:4)
  A sky beast (D:7)
  A black bear (D:7)
  An ogre (D:5)
  3 phantoms
  A centaur (D:7)
  A big kobold (Sewer)
  2 giant frogs
  Dowan (D:4)
  A scorpion (D:4)
  A howler monkey (D:5)
  2 crimson imps (D:6)
  3 centaur zombies (D:5)
  A jelly (D:7)
  2 hounds
  A centaur skeleton (D:4)
  2 orc wizards
  4 orc priests (D:5)
  An iguana (D:6)
  5 worker ants
  A hound skeleton (D:4)
  6 gnolls
  13 adders
  3 river rats
  A shadow imp (D:5)
  An ooze (D:2)
  2 adder skeletons
  3 worms
  2 dart slugs
  7 giant geckos
  10 orcs
  A ball python (D:1)
  7 bats
  6 giant cockroaches
  5 goblins
  6 hobgoblins
  3 jackals
  8 kobolds
  4 quokkas
  A giant gecko zombie (D:5)
  7 giant newts
  A quokka skeleton (D:4)
  11 rats
149 creatures vanquished.

Notes
Turn   | Place    | Note
-------+----------+-------------------------------------------
     0 | D:1      | Geppetto the Gargoyle Monk began the quest for the Orb.
     0 | D:1      | Reached XP level 1. HP: 14/14 MP: 1/1
   301 | D:1      | Reached XP level 2. HP: 16/19 MP: 2/2
   873 | D:1      | Reached XP level 3. HP: 19/24 MP: 3/3
  1004 | D:2      | Reached skill level 4 in Maces & Flails
  1511 | D:2      | Reached skill level 1 in Shields
  1511 | D:2      | Reached XP level 4. HP: 28/29 MP: 4/4
  1679 | D:2      | Found a runed door.
  1699 | D:2      | Noticed Crazy Yiuf
  2197 | D:3      | Found a sparkling altar of Nemelex Xobeh.
  2394 | D:3      | Reached XP level 5. HP: 33/33 MP: 5/5
  2404 | D:3      | Reached skill level 5 in Maces & Flails
  2739 | D:4      | Noticed Eustachio
  2913 | D:4      | Noticed Duvessa
  2914 | D:4      | Noticed Dowan
  3080 | D:4      | Killed Eustachio
  3080 | D:4      | Reached skill level 6 in Maces & Flails
  3080 | D:4      | Reached XP level 6. HP: 31/38 MP: 6/6
  3193 | D:4      | Found a glowing drain.
  3200 | Sewer    | Entered a sewer
  3504 | Sewer    | Found a white marble altar of Elyvilon.
  3867 | D:4      | Reached XP level 7. HP: 34/42 MP: 7/7
  3887 | D:4      | Found Oboirph's Assorted Antiques.
  4128 | D:4      | Reached skill level 7 in Maces & Flails
  4291 | D:5      | Entered Level 5 of the Dungeon
  4665 | D:5      | Reached XP level 8. HP: 33/48 MP: 8/8
  4783 | D:5      | Reached skill level 8 in Maces & Flails
  4801 | D:5      | Noticed Menkaure
  5017 | D:4      | Killed Dowan
  5028 | D:4      | Killed Duvessa
  5028 | D:4      | Reached skill level 5 in Fighting
  5088 | D:4      | Bought a scroll of remove curse for 78 gold pieces
  5404 | D:5      | Reached skill level 9 in Maces & Flails
  5513 | D:5      | Reached skill level 1 in Armour
  5648 | D:5      | Noticed Sigmund
  5876 | D:5      | Killed Menkaure
  5964 | D:5      | Killed Sigmund
  5964 | D:5      | Reached XP level 9. HP: 34/56 MP: 9/9
  6149 | D:6      | Found a staircase to the Ecumenical Temple.
  6171 | Temple   | Entered the Ecumenical Temple
  6384 | Temple   | Became a worshipper of Warmaster Okawaru
  6384 | Temple   | Reached * piety under Okawaru
  6384 | Temple   | Reached ** piety under Okawaru
  6716 | D:6      | Reached skill level 1 in Invocations
  6830 | D:7      | Reached skill level 5 in Armour
  7005 | D:7      | Noticed Xiguana's ghost (novice TeCj)
  7024 | D:7      | Killed Xiguana's ghost
  7049 | D:7      | HP: 4/85 [killer bee (3)]
  7050 | D:7      | Gained mutation: You are somewhat resistant to further mutation. [potion of beneficial mutation]
  7050 | D:7      | Slain by a killer bee

Vault maps used:
D:1:      minmay_arrival_widening_spiral_wide
D:2:      uniq_crazy_yiuf_cottage
D:3:      old_standard_altar, first_bread, minmay_bisected
D:4:      gup_sewer_entry_spiral, serial_shops, kennysheep_little_box,
          corexii_item_surrounded_by_moat, uniq_duvessa, uniq_eustachio
D:5:      uniq_sigmund, uniq_menkaure
D:6:      kennysheep_generic_room_11
D:7:      grunt_livestock, trog_ov_bears_minmay
Temple:   kilobyte_greek_temple
Sewer:    sewer_kobolds

Skill      XL: |  1  2  3  4  5  6  7  8  9 |
---------------+----------------------------+-----
Maces & Flails | 4 6 7 9 |  9.2
Shields        | 1 2 3 4 |  4.0
Fighting       | 4 6 7 |  7.4
Armour         | 3 6 |  6.7
Invocations    | 3 |  3.3
Dodging        | |  2.4
Stealth        | |  2.1

Action                   |  1- 3 |  4- 6 |  7- 9 || total
-------------------------+-------+-------+-------++-------
Melee: Mace              |    96 |   273 |   384 ||   753
       Flail             |       |       |    41 ||    41
Invok: Heroism           |       |       |     3 ||     3
  Use: Scroll            |       |     8 |     6 ||    14
       Potion            |       |     2 |    13 ||    15
 Stab: Sleeping          |     5 |     5 |       ||    10
  Eat: Chunk             |     2 |     8 |    11 ||    21
Armor: Robe              |    33 |    20 |       ||    53
       Leather armour    |       |    13 |       ||    13
       Chain mail        |       |   131 |   263 ||   394
       Skin              |       |       |    33 ||    33
Dodge: Dodged            |    72 |   130 |   189 ||   391
Block: Buckler           |     9 |    80 |   151 ||   240
